 Dungeon Crawl Stone Soup version 0.31.0-2-g5a2aebc5c2 (webtiles) character file.

Game seed: 16418743530978168797

66 ssalbiz the Chopper (level 3, -2/46 HPs)
             Began as a Minotaur Berserker on Jan 20, 2024.
             Was a Believer of Trog.
             Slain by an ogre
             ... wielding a +0 giant spiked club
              (7 damage)
             ... on level 3 of the Dungeon.
             The game lasted 00:01:49 (1616 turns).

ssalbiz the Chopper (Minotaur Berserker)            Turns: 1616, Time: 00:01:50

Health: -2/46      AC:  6    Str: 23    XL:     3   Next: 96%
Magic:  2/2        EV: 12    Int:  4    God:    Trog [**....]
Gold:   142        SH:  0    Dex:  9    Spells: 2/2 levels left

rFire   . . .        a - +0 hand axe
rCold   . . .        (no shield)
rNeg    . . .        b - +0 animal skin
rPois   .            (helmet restricted)
rElec   .            (no cloak)
rCorr   .            (no gloves)
SInv    .            (no boots)
Will    .....        (no amulet) Stlth
                     n - +4 ring of protection
HPRegen 0.27/turn    (no ring)
MPRegen 0.08/turn

%: no passive effects
@: berserking, very quick
A: horns 2, retaliatory headbutt
a: Renounce Religion, Berserk, Trog's Hand


You were on level 3 of the Dungeon.
You worshipped Trog.
Trog was pleased with you.
You visited 1 branch of the dungeon, and saw 3 of its levels.

You collected 142 gold pieces.

Inventory:

Hand Weapons
 a - a +0 hand axe (weapon)
Missiles
 h - 2 javelins (quivered)
Armour
 b - a +0 animal skin (worn)
Jewellery
 n - a +4 ring of protection (left hand)
Scrolls
 g - a scroll of silence {unknown}
 i - a scroll of teleportation {unknown}
 j - a scroll of vulnerability {unknown}
 k - a scroll of revelation {unknown}
 l - a scroll of blinking {unknown}
 m - a scroll of identify {unknown}
Potions
 c - 2 potions of curing {unknown}
 d - a potion of invisibility {unknown}
 e - a potion of degeneration {unknown}
 f - a potion of brilliance {unknown}


   Skills:
 - Level 3.6 Fighting
 + Level 5.9 Axes
 - Level 2.4 Armour
 - Level 2.1 Dodging


You had 2 spell levels left.
You didn't know any spells.
Your spell library was empty.

Dungeon Overview and Level Annotations

Branches:
Dungeon (3/15)

Altars:

Annotations:
D:2 1 runed translucent door, Crazy Yiuf


Innate Abilities, Weirdness & Mutations

You have a pair of horns on your head.
You reflexively headbutt those who attack you in melee.


Message History

The hobgoblin misses you.
You completely miss the hobgoblin. The hobgoblin closely misses you.
You closely miss the hobgoblin. You headbutt the hobgoblin.
The hobgoblin is severely wounded.
The hobgoblin hits you but does no damage.
You closely miss the hobgoblin.
The hobgoblin is severely wounded.
The hobgoblin barely misses you. You furiously retaliate!
You headbutt the hobgoblin.
You kill the hobgoblin!
Trog accepts your kill.
No target in view!
No target in view!
You see here a hobgoblin corpse.
You see here 2 poisoned darts.
A rat comes into view.
The rat squeaks loudly.
A rat is nearby!
You hit the rat.
You kill the rat!
Trog accepts your kill.
An ogre comes into view. It is wielding a +0 giant spiked club.
The ogre shouts!
You see here a rat corpse.
You hit the ogre. Your headbutt misses the ogre.
The ogre is lightly wounded.
The ogre hits you with a +0 giant spiked club!
You hit the ogre.
The ogre is lightly wounded.
A red film seems to cover your vision as you go berserk!
You feel yourself moving faster!
You feel mighty!
The ogre hits you with a +0 giant spiked club!!
Ouch! That really hurt!
* * * LOW HITPOINT WARNING * * *
You completely miss the ogre.
The ogre is lightly wounded.
You completely miss the ogre.
The ogre is lightly wounded.
The ogre hits you with a +0 giant spiked club!
You die...

#.# #...... #.#
#..... #.# #.....
###.# .....
##.#.# ...#
#....# ..# ##.###
.# #O# #.#
....##@## #.#
#.....########.#
####...........#
......###########
#######


You could see an ogre.

Vanquished Creatures
  2 adders (D:2)
  3 dart slugs (D:1)
  A bat (D:1)
  4 endoplasms
  3 giant cockroaches
  2 goblins (D:1)
  4 hobgoblins
  2 kobolds (D:1)
  6 quokkas
  3 ball pythons (D:1)
  A frilled lizard (D:1)
  7 rats
38 creatures vanquished.

Notes
Turn   | Place    | Note
-------+----------+-------------------------------------------
     0 | D:1      | ssalbiz the Minotaur Berserker began the quest for the Orb.
     0 | D:1      | Reached XP level 1. HP: 19/19 MP: 0/0
    69 | D:1      | Reached skill level 4 in Axes
   154 | D:1      | Reached XP level 2. HP: 26/26 MP: 1/1
   254 | D:1      | Reached skill level 5 in Axes
   400 | D:1      | Reached ** piety under Trog
   437 | D:1      | Reached XP level 3. HP: 25/31 MP: 2/2
  1540 | D:2      | Found a runed translucent door.
  1541 | D:2      | Noticed Crazy Yiuf
  1610 | D:3      | Noticed an ogre
  1616 | D:3      | Slain by an ogre

Illustrated notes

Levels and vault maps discovered:
D:1:      spicycebolla_green_bress_n_ham, layout_basic
D:2:      minmay_door_path, layout_basic, nicolae_twisty_statue_hallways,
          uniq_crazy_yiuf_cottage
D:3:      layout_loops_cross, ebering_dispersal_statue_hall,
          minmay_fractal_squares_gapless_5

Skill      XL: |  1  2 |
---------------+-------+-----
Axes           | 4 5 |  5.9
Fighting       | |  3.6
Armour         | |  2.4
Dodging        | |  2.1

Action                     || total
---------------------------++-------
  Melee: Hand axe          ||    81
         Headbutt          ||     8
         Punch             ||     1
 Invoke: Berserk           ||     1
   Stab: Sleeping          ||     2
 Armour: Animal skin       ||    42
  Dodge: Dodged            ||    40
